Map: Royal Blood LE

Players

winzboy

  • Race: Protoss Protoss
  • League: Gold
  • Spawn Location: 1:00

留的青山在 - Winner!

  • Race: Terran Terran
  • League: Gold
  • Spawn Location: 7:00

VOD

Have the link to the VOD?

Description

Time

  • Played on: May 27, 2023, 3:16 a.m.
  • Length: 15:08
Show
View Real Time Build Order
Export as new Build Order

winzboy Protoss 

Build Orders: 1 Gate Expand 

Get SALT Encoding   

  12  0:01  Probe  
  13  0:14  Probe  
  13  0:18  Pylon  
  14  0:26  Probe  
  15  0:39  Gateway  
  15  0:41  Probe  
  16  0:46  Assimilator  
  16  0:56  Probe (Chrono Boost)  
  17  1:06  Probe (Chrono Boost)  
  17  1:11  Probe (Chrono Boost)  
  19  1:22  Probe  
  20  1:29  Cybernetics Core  
  20  1:40  Nexus  
  20  1:49  Pylon  
  20  1:52  Assimilator  
  20  1:58  Warp Gate  
  20  2:06  Probe  
  20  2:07  Adept (Chrono Boost)  
  23  2:19  Probe  
  24  2:31  Probe  
  24  2:32  Pylon  
  25  2:43  Probe  
  25  2:59  Robotics Facility  
  25  3:02  Gateway  
  25  3:04  Gateway  
  25  3:07  Probe x2  
  27  3:17  Stalker (Chrono Boost)  
  27  3:19  Probe x2  
  31  3:31  Probe  
  32  3:51  Probe (Chrono Boost)  
  34  3:56  Probe (Chrono Boost)  
  34  3:57  Stalker x2  
  34  3:59  Stalker  
  34  4:01  Probe (Chrono Boost)  
  41  4:09  Probe x2 (Chrono Boost)  
  43  4:12  Pylon  
  43  4:15  Probe (Chrono Boost)  
  43  4:16  Probe (Chrono Boost)  
  45  4:35  Observer  
  46  4:38  Stalker  
  46  4:39  Stalker  
  46  4:44  Assimilator  
  50  4:46  Assimilator  
  50  4:47  Probe  
  50  4:48  Probe, Pylon  
  50  4:51  Pylon  
  52  4:57  Immortal  
  57  5:00  Probe (Chrono Boost)  
  57  5:05  Probe (Chrono Boost)  
  58  5:08  Twilight Council  
  58  5:09  Probe (Chrono Boost)  
  58  5:10  Pylon  
  58  5:13  Probe (Chrono Boost)  
  60  5:14  Probe (Chrono Boost), Pylon  
  61  5:24  Probe  
  61  5:26  Probe  
  62  5:35  Zealot  
  62  5:36  Zealot x2, Observer  
  69  5:43  Charge (Chrono Boost)  
  69  5:47  Gateway  
  69  5:50  Gateway  
  69  5:52  Gateway  
  69  6:09  Gateway  
  69  6:10  Gateway  
  69  6:11  Gateway  
  69  6:14  Stalker  
  69  6:15  Gateway  
  71  6:28  Pylon  
  71  6:31  Pylon  
  71  6:32  Stalker  
  73  6:35  Pylon  
  73  6:38  Shield Battery  
  73  6:42  Twilight Council  
  73  6:59  Nexus  
  73  7:02  Pylon  
  73  7:04  Pylon  
  73  7:14  Immortal  
  77  7:40  Templar Archives  
  77  7:41  Zealot x2  
  77  7:42  Zealot x3  
  77  7:43  Pylon, Zealot x2  
  91  7:44  Zealot  
  91  7:45  Zealot  
  95  7:55  Immortal  
  91  8:15  Probe  
  92  8:22  High Templar x3  
  92  8:23  High Templar x3  
  92  8:24  High Templar x2  
  92  8:25  High Templar  
  105  8:27  Probe  
  105  8:33  Stalker  
  106  8:40  Probe  
  107  8:47  Observer  
  108  8:51  Archon x3  
  108  8:52  Probe, Archon  
  108  8:55  Zealot x2  
  113  8:56  Zealot x3  
  119  9:10  Probe  
  119  9:15  Probe  
  121  9:22  Probe x2  
  123  9:27  Probe  
  124  9:34  Probe x2  
  126  9:42  Zealot x3  
  126  9:43  Zealot  
  134  9:46  Probe x2  
  136  9:54  Pylon  
  136  9:55  Forge  
  136  9:58  Forge  
  136  9:59  Probe  
  137  10:00  Zealot  
  139  10:08  Probe (Chrono Boost)  
  140  10:19  Probe (Chrono Boost)  
  141  10:24  Probe (Chrono Boost)  
  137  10:29  Stalker x2  
  137  10:34  Probe  
  131  10:37  Observer  
  130  10:46  Probe  
  119  10:58  Probe  
  120  11:05  Stalker x3  
  120  11:06  Stalker x2  
  120  11:10  Probe  
  120  11:11  Probe  
  132  11:23  Probe  
  133  11:44  Probe x3  
  136  11:55  Zealot  
  136  11:56  Probe (Chrono Boost)  
  136  11:57  Probe (Chrono Boost)  
  136  11:58  Probe (Chrono Boost)  
  141  12:08  Probe (Chrono Boost)  
  144  12:09  Probe x2 (Chrono Boost)  
  144  12:14  Probe x3 (Chrono Boost)  
  84  12:50  Zealot  
  84  12:51  Zealot x3  
  82  12:52  Zealot x3  
  82  12:53  Zealot x2  
  96  13:04  High Templar  
  98  13:12  High Templar x4  
  106  13:13  High Templar  
  106  13:14  High Templar x2  
  106  13:15  High Templar x2  
  116  13:22  Archon  
  116  13:23  Probe x3  
  119  13:28  Archon x3  
  119  13:29  Archon  
  119  13:37  High Templar  
  121  13:49  Archon  
  121  13:51  Zealot  
  121  13:52  Zealot  
  121  13:53  Zealot x3  
  107  14:13  Probe (Chrono Boost)  
  110  14:18  Probe (Chrono Boost)  
  110  14:19  Probe (Chrono Boost)  
  110  14:23  Probe (Chrono Boost)  
  111  14:27  Probe x2 (Chrono Boost)  
  111  14:28  Probe (Chrono Boost)  
  114  14:35  Stalker x2  
  101  14:49  Nexus  
Show
View Real Time Build Order
Export as new Build Order

留的青山在 Terran - Winner!

Build Orders: 2 Factory, Mech 

Get SALT Encoding   

  12  0:02  SCV  
  13  0:14  SCV  
  14  0:19  Supply Depot  
  14  0:26  SCV  
  15  0:41  SCV  
  16  0:44  Barracks  
  16  0:48  Refinery  
  16  0:53  SCV  
  17  1:05  SCV  
  18  1:17  SCV  
  19  1:29  SCV  
  20  1:39  Marine  
  21  1:40  Command Center  
  21  1:49  Bunker  
  21  1:59  Marine  
  22  2:08  SCV, Factory  
  23  2:16  Supply Depot  
  23  2:36  Factory  
  23  2:38  Marine, SCV  
  25  2:51  Orbital Command  
  25  2:52  Factory Tech Lab  
  25  2:59  Refinery  
  25  3:03  SCV  
  26  3:25  Siege Tank  
  29  3:28  Orbital Command  
  29  3:34  Refinery  
  29  3:36  SCV  
  29  3:37  Refinery  
  29  3:39  Widow Mine  
  32  3:48  SCV  
  33  3:53  Armory  
  33  4:00  Engineering Bay  
  33  4:05  Widow Mine  
  33  4:09  SCV x2  
  40  4:17  Siege Tank  
  40  4:21  SCV x2  
  42  4:31  Supply Depot x2  
  42  4:32  Widow Mine  
  44  4:41  Missile Turret  
  44  4:46  SCV  
  44  4:47  SCV  
  46  4:53  Siege Tank  
  49  5:03  Missile Turret  
  49  5:05  Starport  
  49  5:07  SCV x2  
  49  5:08  Missile Turret  
  53  5:14  Widow Mine  
  53  5:18  Drilling Claws  
  53  5:37  SCV x2  
  53  5:39  Command Center  
  55  5:49  SCV x2  
  57  5:51  Supply Depot x2  
  57  5:57  Missile Turret  
  57  6:03  Missile Turret  
  58  6:04  SCV  
  58  6:07  SCV  
  59  6:11  Factory Reactor  
  59  6:14  Medivac  
  59  6:18  SCV  
  62  6:19  SCV  
  63  6:27  Factory  
  63  6:30  SCV  
  63  6:31  SCV  
  65  6:40  Siege Tank  
  65  6:44  Sensor Tower  
  68  6:48  Widow Mine  
  68  6:49  Widow Mine  
  72  6:58  Medivac  
  74  7:10  Widow Mine x2  
  74  7:12  Widow Mine  
  74  7:14  Command Center, Terran Vehicle And Ship Armor Level 1  
  80  7:30  Planetary Fortress  
  80  7:31  Widow Mine x2  
  80  7:33  Siege Tank  
  80  7:35  Refinery, Factory Reactor  
  87  7:37  Refinery  
  87  7:53  Widow Mine x2  
  91  8:06  Widow Mine  
  93  8:24  Supply Depot x3  
  93  8:25  Widow Mine, SCV x3, Supply Depot  
  98  8:27  Medivac  
  100  8:37  SCV x3  
  100  8:39  Supply Depot x2  
  101  8:43  Orbital Command  
  99  8:49  SCV x3  
  99  8:53  Armory  
  100  8:57  Siege Tank  
  100  9:00  Widow Mine  
  100  9:01  SCV x3  
  108  9:14  SCV x3  
  115  9:17  Widow Mine x3  
  115  9:21  Widow Mine  
  115  9:24  Command Center  
  119  9:29  Cyclone  
  122  9:37  Fusion Core  
  124  9:38  Widow Mine, Starport  
  124  9:41  Starport  
  124  9:59  Command Center  
  124  10:00  Refinery  
  124  10:02  Siege Tank  
  124  10:03  Refinery  
  127  10:19  Starport  
  127  10:21  Starport  
  123  10:30  Starport  
  113  10:52  Planetary Fortress  
  113  10:56  Siege Tank  
  118  10:57  Widow Mine x4  
  114  11:09  Command Center  
  114  11:14  Starport Tech Lab x4  
  114  11:15  Starport Tech Lab  
  114  11:18  Widow Mine, Weapon Refit, Command Center  
  116  11:20  Terran Ship Weapons Level 1, Terran Vehicle And Ship Armor Level 2  
  116  11:21  Command Center  
  116  11:26  Starport Tech Lab  
  114  11:39  Planetary Fortress  
  114  11:44  Hi-Sec Auto Tracking  
  114  11:46  Battlecruiser x3  
  132  11:56  Siege Tank  
  135  12:11  Battlecruiser  
  129  12:28  Siege Tank  
  119  12:40  Neosteel Armor  
  104  12:53  Battlecruiser x2  
  104  12:56  SCV  
  104  12:57  SCV x2  
  119  13:28  Siege Tank  
  119  13:31  Planetary Fortress  
  119  13:34  Planetary Fortress  
  122  13:41  Planetary Fortress  
  122  13:45  SCV  
  122  13:46  SCV x3  
  126  13:58  SCV x4  
  126  14:00  Siege Tank  
  132  14:10  SCV  
  151  14:32  Siege Tank  
  145  14:55  Command Center, Refinery  
  145  14:57  Command Center  
  145  14:58  Command Center  
  139  15:03  Refinery  
Tags
 
Composition
Mech
League
GoldGold
Matchup
PvT
Replay Pack
Multiplayer
Spawn Locations
Cross Positions
Add a new tag
Caveats
  • Supply blocks, unpowered buildings, or Contaminate may cause inaccurate times.
  • Supply counts are checked every 10 seconds.